 Dungeon Crawl Stone Soup version 0.27.1-34-g3ba077fa99 (webtiles) character file.

Game seed: 11298657194015020549

685 cbfl8 the Sneak (level 7, -3/61 HPs)
             Began as a Minotaur Delver on Jan 24, 2022.
             Slain by an orc warrior (9 damage)
             ... on level 5 of the Dungeon.
             The game lasted 00:03:40 (1772 turns).

cbfl8 the Sneak (Minotaur Delver)                   Turns: 1772, Time: 00:03:41

Health: -3/61      AC:  3    Str: 17    XL:     7   Next: 35%
Magic:  6/6        EV: 13    Int:  9    God:
Gold:   114        SH:  0    Dex: 17    Spells: 6/6 levels left

rFire    . . .     SeeInvis .   a - +0 hand axe
rCold    . . .     Faith    .   (no shield)
rNeg     . . .     Spirit   .   b - +0 leather armour
rPois    .         Reflect  .   (helmet restricted)
rElec    .         Harm     .   (no cloak)
rCorr    .         Rampage  .   (no gloves)
Will     .....                  (no boots)
Stlth    +++.......             j - amulet of magic regeneration
HPRegen  0.20/turn              h - +6 ring of dexterity
MPRegen  0.35/turn              (no ring)

@: no status effects
A: horns 2, retaliatory headbutt
a: no special abilities


You were on level 5 of the Dungeon.
You visited 2 branches of the dungeon, and saw 3 of its levels.

You collected 114 gold pieces.

Inventory:

Hand Weapons
 a - a +0 hand axe (weapon)
Missiles
 k - 17 stones (quivered)
Armour
 b - a +0 leather armour (worn)
Jewellery
 h - a +6 ring of dexterity (left hand)
 j - an amulet of magic regeneration (around neck)
 n - an amulet of faith
Wands
 g - a wand of digging (3)
Scrolls
 c - 2 scrolls of fog
 d - a scroll of magic mapping
 e - a scroll of fear
 i - a scroll of blinking {unknown}
Potions
 f - a potion of haste
 l - a potion of magic {unknown}
 m - a potion of heal wounds {unknown}


   Skills:
 + Level 5.3 Fighting
 + Level 5.2 Axes
 + Level 3.4 Armour
 + Level 3.6 Dodging
 + Level 5.9 Stealth


You had 6 spell levels left.
You didn't know any spells.
Your spell library contained the following spells:

 Spells                   Type           Power      Damage    Failure   Level
 Sting                    Tmut/Pois      0%         1d3       43%         1
 Poisonous Vapours        Pois/Air       0%         N/A       58%         2
 Olgreb's Toxic Radiance  Pois           0%         N/A       99%         4


Dungeon Overview and Level Annotations

Branches:
Dungeon (6/15)             Temple (1/1) D:6

Altars:
Ashenzari
Cheibriados
Dithmenos
Fedhas
Gozag
Hepliaklqana
Makhleb
Nemelex Xobeh
Qazlal
Ru
Sif Muna
Trog
Uskayaw
Vehumet
Xom
Zin
The Shining One


Innate Abilities, Weirdness & Mutations

You have a pair of horns on your head.
You reflexively headbutt those who attack you in melee.


Message History

The scorpion zombie is heavily damaged.
The scorpion zombie hits you but does no damage.
The scorpion zombie hits you.
You hit the scorpion zombie. You headbutt the scorpion zombie!
The scorpion zombie is severely damaged.
The scorpion zombie barely misses you.
You hit the scorpion zombie. You headbutt the scorpion zombie.
The scorpion zombie is almost destroyed.
The scorpion zombie misses you. You furiously retaliate!
You headbutt the scorpion zombie.
You destroy the scorpion zombie!
You start resting.
HP restored.
The orc shouts!
The orc misses you.
The orc warrior shouts!
You hit the orc.
The orc is severely wounded.
The orc barely misses you.
You hit the orc.
You kill the orc!
The orc warrior misses you.
You see here a +0 spear.
You completely miss the orc warrior.
The orc warrior hits you with a +4 battleaxe of flaming!
The orc warrior burns you!
You slash the orc warrior!
The orc warrior is moderately wounded.
The orc warrior barely misses you. You furiously retaliate!
You headbutt the orc warrior, but do no damage.
You hit the orc warrior.
The orc warrior is moderately wounded.
The orc warrior hits you with a +4 battleaxe of flaming!!
* * * LOW HITPOINT WARNING * * *
The orc warrior burns you!
* * * LOW HITPOINT WARNING * * *
You slash the orc warrior!
The orc warrior is severely wounded.
The orc warrior hits you with a +4 battleaxe of flaming!
You die...

......+..._..._......#.#...#
......#..............#.#...##
...^..#.._..⌠.._...# #.#....
#######............# #.#...#
#######..._..._....###.#...#
'....###...._...##.....#...#
####.# #........##.....##>.######
####'###........##...............
#......#........@o.........#####.
#......#........##....######
#......#.......########
#.######.......# #.#......#######
#.#.###..### #.#.#......#
#.#.#...##.# #.#.###.# .#


You could see an orc warrior.

Vanquished Creatures
  A centaur zombie (D:5)
  2 bullfrogs (D:6)
  A jelly (D:5)
  A bullfrog zombie (D:5)
  A bullfrog skeleton (D:5)
  2 iguanas
  A scorpion zombie (D:5)
  An adder (D:5)
  A shadow imp (D:6)
  An ufetubus (D:6)
  A dart slug (D:5)
  2 orcs (D:5)
15 creatures vanquished.

Notes
Turn   | Place    | Note
-------+----------+-------------------------------------------
     0 | D:5      | cbfl8 the Minotaur Delver began the quest for the Orb.
     0 | D:5      | Reached XP level 1. HP: 19/19 MP: 0/0
    15 | D:5      | Found a blossoming altar of Fedhas.
    16 | D:5      | Found a snail-covered altar of Cheibriados.
    20 | D:5      | Found a sacrificial altar of Ru.
    21 | D:5      | Found a shimmering blue altar of Sif Muna.
    22 | D:5      | Found a shimmering altar of Xom.
    24 | D:5      | Found a glowing golden altar of the Shining One.
    24 | D:5      | Found a sparkling altar of Nemelex Xobeh.
    25 | D:5      | Found a hazy altar of Hepliaklqana.
    38 | D:5      | Reached XP level 2. HP: 17/27 MP: 1/1
    38 | D:5      | Reached XP level 3. HP: 21/33 MP: 2/2
    46 | D:5      | Noticed an orc warrior
    60 | D:6      | Noticed a scorpion
    68 | D:6      | Noticed a necrophage
    84 | D:6      | Found a staircase to the Ecumenical Temple.
    95 | Temple   | Entered the Ecumenical Temple
   419 | D:6      | Noticed a bullfrog
   426 | D:6      | Killed a bullfrog
   427 | D:6      | Reached skill level 5 in Stealth
   427 | D:6      | Reached XP level 4. HP: 34/40 MP: 3/3
   740 | D:6      | Noticed a bullfrog
   747 | D:6      | Killed a bullfrog
   748 | D:6      | Reached XP level 5. HP: 39/47 MP: 4/4
   947 | D:5      | Reached skill level 1 in Armour
   980 | D:5      | Noticed a centaur warrior zombie
  1011 | D:5      | Killed a centaur warrior zombie
  1012 | D:5      | Reached skill level 5 in Fighting
  1012 | D:5      | Reached skill level 5 in Axes
  1012 | D:5      | Reached XP level 6. HP: 23/56 MP: 5/5
  1012 | D:5      | Reached XP level 7. HP: 25/61 MP: 6/6
  1301 | D:5      | HP: 2/61 [acid (8)]
  1772 | D:5      | Slain by an orc warrior

Illustrated notes

Levels and vault maps discovered:
D:5:      layout_basic, grunt_temple_overflow_open
D:6:      layout_loops_ring, temple_statues, minmay_misc_feat_doors,
          minivault_22, minmay_puff, uniq_maggie
Temple:   compressed_dpeg_triangle_lava_temple

Skill      XL: |  1  2  3  4  5 |
---------------+----------------+-----
Fighting       | 4 5 |  5.3
Axes           | 3 5 |  5.2
Stealth        | 5 |  5.9
Armour         | 3 |  3.4
Dodging        | 3 |  3.6

Action                   |  1- 3 |  4- 6 |  7- 9 || total
-------------------------+-------+-------+-------++-------
Melee: Hand axe          |    10 |    50 |    38 ||    98
       Headbutt          |     2 |    16 |    10 ||    28
 Stab: Sleeping          |       |     1 |     2 ||     3
Armor: Leather armour    |     2 |    30 |     1 ||    33
Dodge: Dodged            |     7 |    42 |    21 ||    70
